 Dungeon Crawl Stone Soup version 0.22-a0-855-g415d086bb8 (webtiles) character file.

738 RedPan the Cudgeler (level 7, -1/66 HPs)
             Began as a Troll Monk on July 27, 2018.
             Was a Believer of Cheibriados.
             Slain by an orc
             ... wielding a +0 flail
              (8 damage)
             ... on level 5 of the Dungeon.
             The game lasted 00:06:37 (3276 turns).

RedPan the Cudgeler (Troll Monk)                    Turns: 3276, Time: 00:06:38

Health: -1/66      AC:  5    Str: 29    XL:     7   Next: 46%
Magic:  8/8        EV: 12    Int: 12    God:    Cheibriados [**....]
Gold:   200        SH:  4    Dex: 19    Spells: 6/6 levels left

rFire    + . .     SeeInvis .   o - +0 flail
rCold    . . .     Gourm    +   (no shield)
rNeg     . . .     Faith    .   b - +0 robe
rPois    .         Spirit   .   (helmet restricted)
rElec    .         Reflect  +   (no cloak)
rCorr    .         Harm     .   (gloves unavailable)
MR       .....                  (boots unavailable)
Stlth    ++........             e - +4 amulet of reflection
HPRegen  0.61/turn              h - ring of protection from fire
MPRegen  0.11/turn              n - +2 ring of strength

@: slowed, very slow
A: large, unfitting armour, claws 3, fast metabolism 3, gourmand, regeneration
1, shaggy fur 1, tough skin 2
a: Bend Time, Renounce Religion


You were on level 5 of the Dungeon.
You worshipped Cheibriados.
Cheibriados was pleased with you.
You were very full.

You visited 1 branch of the dungeon, and saw 5 of its levels.

You collected 200 gold pieces.

Inventory:

Hand Weapons
 o - a +0 flail (weapon)
Armour
 b - a +0 robe (worn)
Jewellery
 a - an uncursed ring of stealth
 d - an uncursed ring of flight
 e - a +4 amulet of reflection (around neck)
 h - a ring of protection from fire (left claw)
 l - an uncursed amulet of magic regeneration
 n - a +2 ring of strength (right claw)
Scrolls
 m - a scroll of fog
 r - a scroll of remove curse
Potions
 f - a potion of mutation
 g - a potion of heal wounds
 i - a potion of brilliance {unknown}
 j - a potion of agility {unknown}
 k - a potion of flight {unknown}
 q - 2 potions of curing {unknown}
Comestibles
 c - 10 rations


   Skills:
 - Level 2.4 Fighting
 * Level 6.7 Maces & Flails
 + Level 3.6 Dodging
 - Level 1.0 Stealth
 + Level 2.8 Invocations


You had 6 spell levels left.
You didn't know any spells.
Your spell library was empty.

Dungeon Overview and Level Annotations

Branches:
Dungeon (5/15)
 Temple: D:4-7

Altars:
Cheibriados
Dithmenos
Gozag
Ru
Zin
The Shining One


Innate Abilities, Weirdness & Mutations

You are too large for most types of armour.
You have claws for hands.
Your metabolism is lightning-fast.
You like to eat raw meat.
Your natural rate of healing is unusually fast.
You are covered in fur. (AC +1)
You have very tough skin. (AC +2)


Message History

The orc wizard casts a spell at you.
You feel yourself slow down.
You hit the orc wizard.
You kill the orc wizard!
Cheibriados thoroughly appreciates the change of pace.
The orc misses you. The orc barely misses you. The orc hits you with a flail!
You closely miss the orc.
The orc priest mumbles some strange prayers to Beogh against you.
Beogh smites you!
* * * LOW HITPOINT WARNING * * *
The orc hits you with a flail.
* * * LOW HITPOINT WARNING * * *
The orc hits you but does no damage.
The orc priest looks braver for a moment.
The orc misses you. x2
The orc priest calls down the wrath of Beogh upon you.
Pain shoots through your body!
* * * LOW HITPOINT WARNING * * *
You block the orc's attack. The orc hits you with a flail!
You die...

#. # #.#. .... ..#
..# #.# #o#
######@#### ...
#..=.o.o..# #.. .
#.....###.# ... ..
#.....###.####.#
...
#..............#...
######......<....
#........#
#(.....†<#
#...<.).##


You could see an orc priest and 2 orcs.

Vanquished Creatures
  Sigmund (D:4)
  Menkaure (D:4)
  An ogre (D:5)
  A water moccasin skeleton (D:4)
  3 scorpions
  An orc wizard (D:5)
  Robin (D:4)
  5 adders
  An adder skeleton (D:3)
  A worm (D:2)
  2 dart slugs
  2 leopard geckos
  2 orcs
  6 bats
  6 giant cockroaches
  18 goblins
  9 hobgoblins
  9 jackals
  A quokka (D:2)
  5 frilled lizards
  9 kobolds
  2 leopard gecko skeletons (D:4)
  6 rats
93 creatures vanquished.

Notes
Turn   | Place    | Note
-------+----------+-------------------------------------------
     0 | D:1      | RedPan the Troll Monk began the quest for the Orb.
     0 | D:1      | Reached XP level 1. HP: 22/22 MP: 0/0
    65 | D:1      | Reached skill level 3 in Maces & Flails
   240 | D:1      | Reached XP level 2. HP: 29/29 MP: 1/1
   858 | D:2      | Reached XP level 3. HP: 31/36 MP: 2/2
   923 | D:2      | Reached skill level 4 in Maces & Flails
  1196 | D:2      | Found a glowing golden altar of the Shining One.
  1200 | D:2      | Found a sacrificial altar of Ru.
  1324 | D:3      | Reached XP level 4. HP: 38/44 MP: 3/3
  1740 | D:3      | Found a snail-covered altar of Cheibriados.
  1745 | D:3      | Became a worshipper of Cheibriados the Contemplative
  1745 | D:3      | Reached * piety under Cheibriados
  1745 | D:3      | Reached ** piety under Cheibriados
  1781 | D:3      | Reached skill level 5 in Maces & Flails
  2243 | D:4      | Noticed Menkaure
  2261 | D:4      | Killed Menkaure
  2261 | D:4      | Reached skill level 1 in Invocations
  2261 | D:4      | Reached XP level 5. HP: 12/50 MP: 4/4
  2509 | D:4      | Found an opulent altar of Gozag.
  2510 | D:4      | Found a glowing silver altar of Zin.
  2584 | D:4      | Noticed Sigmund
  2591 | D:4      | Killed Sigmund
  2591 | D:4      | Reached skill level 6 in Maces & Flails
  2591 | D:4      | Reached XP level 6. HP: 54/59 MP: 4/6
  2633 | D:4      | Noticed Robin
  2666 | D:4      | Killed Robin
  2891 | D:4      | Found a shadowy altar of Dithmenos.
  2910 | D:4      | Reached XP level 7. HP: 46/66 MP: 7/7
  3057 | D:5      | Entered Level 5 of the Dungeon
  3276 | D:5      | Slain by an orc

Vault maps used:
D:1:      shiori_arrival_maze
D:2:      grunt_temple_overflow_open, first_ration
D:3:      marbit_many_paths
D:4:      grunt_temple_overflow_gold_and_silver, lemuel_round_altar,
          nicolae_overflow_hidden_temple, uniq_sigmund, uniq_robin,
          uniq_menkaure

Skill      XL: |  1  2  3  4  5  6 |
---------------+-------------------+-----
Maces & Flails | 3 4 5 6 |  6.7
Invocations    | 1 2 |  2.8
Dodging        | 3 |  3.6
Fighting       | |  2.4
Stealth        | |  1.0

Action                   |  1- 3 |  4- 6 |  7- 9 || total
-------------------------+-------+-------+-------++-------
Melee: Mace              |   130 |       |       ||   130
       Flail             |       |   127 |    41 ||   168
  Use: Scroll            |     4 |       |     5 ||     9
 Stab: Sleeping          |     7 |     2 |       ||     9
  Eat: Chunk             |    13 |    15 |       ||    28
Armor: Robe              |    48 |    34 |     7 ||    89
Dodge: Dodged            |    82 |    67 |    24 ||   173
Block: Other             |     9 |    27 |     7 ||    43

Table legend:
 A = Spawn XP
 B = Non-spawn XP
 C = Spawn XP percentage of total XP
 D = Spawn monster count
 E = Non-spawn monster count
 F = Spawn count percentage of total count
 G = Total turns spent on level
                    A         B        C        D         E        F      G
               +---------+---------+-------+---------+---------+-------+---------
         Total |       0 |    1055 |   0.0 |       0 |      93 |   0.0 |  3276
               +---------+---------+-------+---------+---------+-------+---------
           D:1 |       0 |      39 |   0.0 |       0 |      24 |   0.0 |   837
           D:2 |       0 |      54 |   0.0 |       0 |      20 |   0.0 |   450
           D:3 |       0 |      78 |   0.0 |       0 |      22 |   0.0 |   963
           D:4 |       0 |     565 |   0.0 |       0 |      22 |   0.0 |   836
           D:5 |       0 |     319 |   0.0 |       0 |       5 |   0.0 |   190
               +---------+---------+-------+---------+---------+-------+---------
